 Dungeon Sprint DCSS version 0.31-a0-175-g9f7f995f2b (webtiles) character file.

Game seed: 6023152642957155009

4120 rocky1 the Severer (level 10, -9/96 HPs)
             Began as a Minotaur Gladiator on June 18, 2023.
             Was an Initiate of Gozag.
             Mangled by a seven-headed hydra (10 damage)
             ... in the Dungeon (Sprint VII: "The Pits").
             The game lasted 00:04:58 (2966 turns).

rocky1 the Severer (Minotaur Gladiator)             Turns: 2966, Time: 00:05:00

Health: -9/96      AC: 16    Str: 22    XL:     10   Next: 6%
Magic:  9/9        EV: 14    Int:  5    God:    Gozag
Gold:   1165       SH:  0    Dex: 13    Spells: 9/9 levels left

rFire   . . .        y - +2 scimitar (flame)
rCold   . . .        (no shield)
rNeg    . . .        w - +4 scale mail
rPois   .            c - +0 hat
rElec   .            u - +0 cloak
rCorr   .            (no gloves)
SInv    .            v - +0 pair of boots
Will    .....        (no amulet) Stlth
                     (no ring)
HPRegen 0.36/turn    (no ring)
MPRegen 0.11/turn

%: no teleportation
@: confused
A: horns 2, retaliatory headbutt
a: Renounce Religion, Potion Petition, Call Merchant, Bribe Branch


You were in the Dungeon.
You worshipped Gozag.
Gozag was most pleased with you.
You visited 1 branch You collected 2556 gold pieces.
You spent 561 gold pieces at shops.
You paid 830 gold pieces to Gozag.

Inventory:

Hand Weapons
 a - a +0 war axe
 t - a +1 heavy broad axe
 x - a +2 dire flail of protection
 y - a +2 scimitar of flaming (weapon)
 z - a +5 battleaxe of electrocution
Missiles
 d - 3 throwing nets
 e - a javelin
 A - 5 boomerangs (quivered)
Armour
 b - a +0 leather armour
 c - a +0 hat (worn)
 o - a +3 chain mail
 u - a +0 cloak (worn)
 v - a +0 pair of boots (worn)
 w - a +4 scale mail (worn)
Jewellery
 p - a +3 ring of dexterity
 q - a +3 ring of dexterity
Scrolls
 k - a scroll of blinking
 m - 5 scrolls of amnesia
 n - a scroll of butterflies
Potions
 f - 8 potions of curing
 g - 10 potions of heal wounds
 h - a potion of haste
 i - 4 potions of magic
 j - 3 potions of berserk rage
 l - a potion of invisibility
 r - a potion of resistance
 s - a potion of might


   Skills:
 + Level 11.4 Fighting
 * Level 19.2(19.3) Axes
 + Level 2.6(12.9) Maces & Flails
 + Level 4.3 Throwing
 + Level 12.7 Armour
 + Level 10.0 Dodging
 - Level 1.4 Stealth


You had 9 spell levels left.
You didn't know any spells.
Your spell library was empty.

Dungeon Overview and Level Annotations

Branches:
Dungeon (1/1)

Altars:
Ashenzari
Cheibriados
Dithmenos
Elyvilon
Fedhas
Gozag
Hepliaklqana
Kikubaaqudgha
Makhleb
Nemelex Xobeh
Okawaru
Qazlal
Ru
Sif Muna
Trog
Uskayaw
Vehumet
Wu Jian
Xom
Yredelemnul
Zin
The Shining One
Jiyva
Lugonu

Shops:
D (


Innate Abilities, Weirdness & Mutations

You have a pair of horns on your head.
You reflexively headbutt those who attack you in melee.


Message History

You are confused.
You feel sick.
Unknown command.
You are engulfed in noxious fumes.
You choke on the stench!
You are more confused.
You feel sick.
The seven-headed hydra attacks as you move away!
The seven-headed hydra bites you.
The seven-headed hydra bites you but does no damage.
The seven-headed hydra bites you.
The seven-headed hydra closely misses you.
The seven-headed hydra bites you but does no damage.
The seven-headed hydra bites you.
The seven-headed hydra closely misses you.
You are engulfed in noxious fumes.
You choke on the stench!
You are more confused.
You feel sick.
You are no longer poisoned.
You bump into the metal wall.
The seven-headed hydra bites you.
The seven-headed hydra closely misses you.
The seven-headed hydra barely misses you.
The seven-headed hydra bites you.
The seven-headed hydra barely misses you.
The seven-headed hydra misses you. The seven-headed hydra bites you.
Unknown command.
You closely miss the seven-headed hydra.
The seven-headed hydra bites you! The seven-headed hydra bites you.
The seven-headed hydra misses you. The seven-headed hydra bites you.
The seven-headed hydra completely misses you.
The seven-headed hydra closely misses you. x2
The seven-headed hydra bites you! x3
* * * LOW HITPOINT WARNING * * *
The seven-headed hydra bites you!
* * * LOW HITPOINT WARNING * * *
The seven-headed hydra bites you!
* * * LOW HITPOINT WARNING * * *
The seven-headed hydra barely misses you.
The seven-headed hydra bites you!
You die...
Your body crumbles into a pile of gold.

###''######
.##''#####
###########
.##......#
#.........# $
.##......# ....... $
.###....## ####k..#
.# ##''## ###..+°..+
.###.)..###....##k##
.##......#..).##DB.##
###..∩...'.)..'.@...+
###......#)...##...##
.###..).###....##+##
[# ##')## ###..+ )#
#....# ####
)##......# .##......#
##########


You could see a seven-headed hydra, a swamp drake and a giant cockroach.

Vanquished Creatures
  A merfolk impaler (D)
  A sea snake (D)
  2 unseen horrors (D)
  3 merfolk (D)
  A jumping spider (D)
  A snapping turtle (D)
  A flying skull (D)
  Sigmund (D)
  2 spriggans (D)
  A steam dragon (D)
  A redback (D)
  A centaur (D)
  3 scorpions (D)
  A crimson imp (D)
  A hound (D)
  An iguana (D)
  2 orc wizards (D)
  A gnoll (D)
  An adder (D)
  An ufetubus (D)
  An adder skeleton (D)
  4 orcs (D)
  3 endoplasms (D)
  A goblin (D)
  7 jackals (D)
  A quokka (D)
  A ball python skeleton (D)
  A frilled lizard (D)
  A kobold (D)
47 creatures vanquished.

Vanquished Creatures (others)
  A merfolk (D)
1 creature vanquished.

Grand Total: 48 creatures vanquished

Notes
Turn   | Place    | Note
-------+----------+-------------------------------------------
     0 | D        | rocky1 the Minotaur Gladiator began the quest for the Orb.
     0 | D        | Reached XP level 1. HP: 18/18 MP: 0/0
    40 | D        | Found a bloodstained altar of Trog.
    40 | D        | Found a shimmering blue altar of Sif Muna.
    40 | D        | Found a viscous altar of Jiyva.
    40 | D        | Found a hazy altar of Hepliaklqana.
    40 | D        | Found an opulent altar of Gozag.
    41 | D        | Found a glowing golden altar of the Shining One.
    41 | D        | Found a glowing silver altar of Zin.
    41 | D        | Found a basalt altar of Yredelemnul.
    41 | D        | Found a shimmering altar of Xom.
    41 | D        | Found an ornate altar of the Wu Jian Council.
    41 | D        | Found a sacrificial altar of Ru.
    41 | D        | Found a stormy altar of Qazlal.
    41 | D        | Found an iron altar of Okawaru.
    41 | D        | Found a sparkling altar of Nemelex Xobeh.
    41 | D        | Found a burning altar of Makhleb.
    41 | D        | Found a blossoming altar of Fedhas.
    41 | D        | Found a white marble altar of Elyvilon.
    41 | D        | Found a shadowy altar of Dithmenos.
    41 | D        | Found a snail-covered altar of Cheibriados.
    44 | D        | Found a corrupted altar of Lugonu.
    44 | D        | Found a radiant altar of Vehumet.
    45 | D        | Found an ancient bone altar of Kikubaaqudgha.
    45 | D        | Found a hide-covered altar of Uskayaw.
    45 | D        | Found a broken altar of Ashenzari.
    48 | D        | Became a worshipper of Gozag Ym Sagoz the Greedy
    63 | D        | Reached skill level 4 in Axes
    63 | D        | Reached XP level 2. HP: 20/25 MP: 1/1
   249 | D        | Reached skill level 5 in Axes
   353 | D        | Noticed a scorpion
   354 | D        | Noticed a flying skull
   357 | D        | Reached skill level 5 in Dodging
   364 | D        | Killed a flying skull
   365 | D        | Reached skill level 5 in Fighting
   365 | D        | Reached skill level 9 in Axes
   365 | D        | Reached XP level 3. HP: 9/36 MP: 2/2
   365 | D        | Reached XP level 4. HP: 11/42 MP: 3/3
   365 | D        | Reached XP level 5. HP: 12/48 MP: 4/4
   367 | D        | Reached skill level 10 in Axes
   688 | D        | Reached XP level 6. HP: 37/57 MP: 5/5
   710 | D        | Reached skill level 11 in Axes
   963 | D        | Reached skill level 12 in Axes
   966 | D        | Noticed a jumping spider
   974 | D        | Killed a jumping spider
   975 | D        | Reached skill level 5 in Armour
   975 | D        | Reached XP level 7. HP: 66/67 MP: 6/6
  1279 | D        | Noticed Sigmund
  1281 | D        | Reached skill level 13 in Axes
  1294 | D        | Killed Sigmund
  1295 | D        | Reached skill level 1 in Stealth
  1412 | D        | Noticed a steam dragon
  1419 | D        | Killed a steam dragon
  1420 | D        | Reached skill level 14 in Axes
  1441 | D        | Killed an unseen horror
  1442 | D        | Reached XP level 8. HP: 38/78 MP: 7/7
  1897 | D        | Reached skill level 15 in Axes
  1897 | D        | Reached skill level 1 in Maces & Flails
  1930 | D        | Killed an unseen horror
  2292 | D        | Bought a +5 battleaxe of electrocution for 561 gold pieces
  2397 | D        | Noticed a sea snake
  2403 | D        | Reached skill level 16 in Axes
  2405 | D        | Killed a sea snake
  2406 | D        | Reached skill level 10 in Fighting
  2406 | D        | Reached skill level 10 in Armour
  2406 | D        | Reached XP level 9. HP: 31/85 MP: 8/8
  2411 | D        | Reached skill level 17 in Axes
  2562 | D        | Noticed a merfolk impaler
  2562 | D        | Noticed a merfolk
  2562 | D        | Noticed a merfolk
  2562 | D        | Noticed a merfolk
  2562 | D        | Noticed a merfolk
  2569 | D        | Killed a merfolk
  2571 | D        | Killed a merfolk
  2573 | D        | Killed a merfolk
  2574 | D        | Reached skill level 18 in Axes
  2574 | D        | Reached skill level 10 in Dodging
  2574 | D        | Killed a merfolk impaler
  2577 | D        | Killed a merfolk
  2796 | D        | Reached skill level 19 in Axes
  2796 | D        | Reached XP level 10. HP: 94/96 MP: 9/9
  2959 | D        | Noticed a seven-headed hydra
  2966 | D        | HP: 1/96 [seven-headed hydra (7)]
  2966 | D        | Mangled by a seven-headed hydra

Illustrated notes

Levels and vault maps discovered:
D:        pitsprint [storerooms_1, entrance_room_1, metal_vault_2, armoury_1,
          mini_pit_1, grid_room_1, main_hall_1, silver_pit, the_coven_1,
          the_vestibule_1, steel_vault_3, golden_pit, hallway_of_sentries,
          crystal_vault_3, iron_vault_4, final_vault]

Skill      XL: |  1  2  3  4  5  6  7  8  9 |
---------------+----------------------------+-----
Dodging        | 4 7 8 9 10 | 10.0
Axes           | 4 9 10 12 14 16 19 | 19.2
Fighting       | 5 6 7 9 10 11 | 11.4
Throwing       | 3 4 |  4.3
Armour         | 2 3 5 7 10 12 | 12.7
Stealth        | 1 |  1.4
Maces & Flails | 2 |  2.6

Action                     |  1- 3 |  4- 6 |  7- 9 | 10-12 || total
---------------------------+-------+-------+-------+-------++-------
  Melee: War axe           |    21 |    48 |    38 |       ||   107
         Headbutt          |     3 |     4 |    12 |     3 ||    22
         Broad axe         |       |       |    10 |       ||    10
         Battleaxe         |       |       |    23 |     6 ||    29
         Scimitar          |       |       |       |     1 ||     1
 Invoke: Call Merchant     |       |       |     1 |       ||     1
         Potion Petition   |       |       |     1 |       ||     1
    Use: Potion            |     1 |       |     4 |       ||     5
   Stab: Invisible         |       |       |     6 |       ||     6
 Armour: Leather armour    |     3 |       |       |       ||     3
         Chain mail        |       |    19 |    23 |       ||    42
         Scale mail        |       |       |    24 |     2 ||    26
  Dodge: Dodged            |    11 |    17 |    34 |    14 ||    76

Table legend: (Time is in decaauts)
 A = Elapsed time spent in this place.
 B = Non-inter-level travel time spent in this place.
 C = Inter-level travel time spent in this place.
 D = Time resting spent in this place.
 E = Time spent auto-exploring this place.
 F = Levels seen in this place.
 G = Mean time per level.
                   A        B        C        D        E       F      G
               +--------+--------+--------+--------+--------+-----+--------+
         Total |   2966 |   2905 |     61 |   2333 |      0 |   1 | 2966.0 |
       Dungeon |   2966 |   2905 |     61 |   2333 |      0 |   1 | 2966.0 |
               +--------+--------+--------+--------+--------+-----+--------+

Top non-repeatable levels by time:
       D: 2966 daAuts
